 Dungeon Crawl Stone Soup version 0.20-a0-991-g93344ec (webtiles) character file.

312 Rrauwl the Ducker (level 6, 0/42 HPs)
             Began as a Bultungin Venom Mage on Apr 11, 2017.
             Was a Follower of Qazlal.
             Slain by an orc priest
             ... wielding a +0 flail
              (3 damage)
             ... in the Ecumenical Temple.
             The game lasted 00:14:35 (2818 turns).

Rrauwl the Ducker (Bultungin Venom Mage)            Turns: 2818, Time: 00:14:35

Health: 0/42       AC:  3    Str:  9    XL:     6   Next: 42%
Magic:  8/12       EV: 15    Int: 18    God:    Qazlal [*.....]
Gold:   212        SH:  2    Dex: 16    Spells: 12/13 levels left

rFire    . . .     SeeInvis +   m - +0 hunting sling
rCold    . . .     Gourm    .   (no shield)
rNeg     . . .     Faith    .   a - +1 robe
rPois    .         Spirit   .   (no helmet)
rElec    .         Reflect  .   (no cloak)
rCorr    .         Harm     +   (no gloves)
MR       .....                  (no boots)
Stlth    ++........             i - amulet of harm
Regen    0.6/turn               e - +2 ring of intelligence
MPRegen  0.2/turn               (no ring)

@: no status effects
A: short attention span, fangs 1, see invisible, agile 1, frail 1, sense
surroundings 1, regeneration 1, strong nose
a: Renounce Religion


You were in the Ecumenical Temple.
You worshipped Qazlal.
Qazlal was aware of your devotion.
You were not hungry.

You visited 2 branches of the dungeon, and saw 5 of its levels.

You collected 212 gold pieces.

Inventory:

Hand Weapons
 m - a +0 hunting sling (weapon)
 q - a +0 war axe
Missiles
 n - 141 stones (quivered)
Armour
 a - a +1 robe (worn)
Jewellery
 e - a +2 ring of intelligence (left hand)
 i - an amulet of harm (around neck)
Scrolls
 h - a scroll of fog {unknown}
 j - 2 scrolls of enchant armour
 k - 5 scrolls of identify
 o - a scroll of immolation
 p - a scroll of remove curse
 r - a scroll of amnesia {unknown}
Potions
 f - 2 potions of curing
 l - 2 potions of brilliance
 t - 2 potions of heal wounds {unknown}
Books
 b - a Young Poisoner's Handbook

   Spells                             Type                      Level
   a - Sting                          Conjuration/Poison           1
   b - Poisonous Vapours              Poison/Air                   2
   c - Mephitic Cloud                 Conjuration/Poison/Air       3
   d - Olgreb's Toxic Radiance        Poison                       4
   e - Venom Bolt                     Conjuration/Poison           5
Comestibles
 c - a bread ration
 d - a chunk of flesh
 s - a fruit


   Skills:
 + Level 3.4 Fighting
 + Level 2.6 Axes
 + Level 3.6 Slings
 + Level 1.5 Armour
 + Level 5.2 Dodging
 - Level 3.0 Stealth
 - Level 4.0 Spellcasting
 - Level 2.0 Conjurations
 - Level 5.0 Poison Magic
 + Level 1.9 Invocations


You had 12 spell levels left.
You knew the following spells:

 Your Spells              Type           Power        Failure   Level  Hunger
a - Sting                 Conj/Pois      ###.         3%          1    None


Dungeon Overview and Level Annotations

Branches:
Dungeon (4/15)             Temple (1/1) D:4

Altars:
Dithmenos
Makhleb
Qazlal
Ru
Uskayaw

Annotations:
D:4 Sigmund


Innate Abilities, Weirdness & Mutations

You have a short attention span.
You have very sharp teeth.
You have supernaturally acute eyesight. (SInv)
Your uncanny sense of smell can sniff out nearby items.
You are agile. (Dex +2)
You are frail. (-10% HP)
You passively map a small area around you.
Your natural rate of healing is unusually fast.


Message History

Press: ? - help, Shift-Dir - straight line, f/p - orc priest
Aim: an orc priest, wielding a flail and wearing a ring mail (lightly wounded)
You shoot a stone.
The stone closely misses the orc priest.
The orc priest barely misses you.
Firing (i - inventory):
n - 143 stones (quivered)
Press: ? - help, Shift-Dir - straight line, f/p - orc priest
Aim: an orc priest, wielding a flail and wearing a ring mail (lightly wounded)
You shoot a stone.
The stone closely misses the orc priest.
The orc priest calls down the wrath of Beogh upon you.
Beogh smites you!
* * * LOW HITPOINT WARNING * * *
Firing (i - inventory):
n - 142 stones (quivered)
Press: ? - help, Shift-Dir - straight line, f/p - orc priest
Aim: an orc priest, wielding a flail and wearing a ring mail (lightly wounded)
You shoot a stone. The stone hits the orc priest.
The orc priest is lightly wounded.
The orc priest hits you with a flail.
You die...

* * , , , * , ,
, , , , , ,* * ,
, ### * , , ,
#@# ,
.......o.......
...............
._..........._.,
≈ ,
...............
≈
....._..._.....,
8
,...............
.......(.......,
,


You could see an orc priest.

Vanquished Creatures
  A scorpion (D:4)
  2 orc wizards (D:4)
  An orc priest (D:3)
  Jessica (D:2)
  5 adders
  3 worms (D:2)
  3 dart slugs
  2 leopard geckos
  9 orcs
  8 bats
  4 giant cockroaches
  13 goblins
  6 hobgoblins
  5 jackals
  6 kobolds
  A ball python (D:2)
  5 frilled lizards
  9 rats
84 creatures vanquished.

Notes
Turn   | Place    | Note
-------+----------+-------------------------------------------
     0 | D:1      | Rrauwl the Bultungin Venom Mage began the quest for the Orb.
     0 | D:1      | Reached XP level 1. HP: 13/13 MP: 4/4
   202 | D:1      | Reached XP level 2. HP: 20/20 MP: 3/6
   626 | D:1      | Reached skill level 1 in Fighting
   636 | D:1      | Reached XP level 3. HP: 26/26 MP: 5/8
  1032 | D:2      | Reached skill level 5 in Poison Magic
  1046 | D:2      | Gained mutation: You passively map a small area around you. [potion of mutation]
  1046 | D:2      | Gained mutation: Your natural rate of healing is unusually fast. [potion of mutation]
  1046 | D:2      | Gained mutation: You are frail. (-10% HP) [potion of mutation]
  1046 | D:2      | Gained mutation: You are agile. (Dex +2) [potion of mutation]
  1274 | D:2      | Reached XP level 4. HP: 29/29 MP: 10/10
  1285 | D:2      | Reached skill level 1 in Slings
  1287 | D:2      | Noticed Jessica
  1297 | D:2      | Killed Jessica
  1398 | D:2      | Found a faded altar of an unknown god.
  1458 | D:2      | Became a worshipper of Qazlal Stormbringer
  1458 | D:2      | Reached * piety under Qazlal
  1999 | D:3      | Reached XP level 5. HP: 36/36 MP: 11/11
  2329 | D:3      | Reached ** piety under Qazlal
  2376 | D:3      | Reached skill level 1 in Axes
  2695 | D:4      | Reached skill level 1 in Armour
  2695 | D:4      | Reached skill level 5 in Dodging
  2695 | D:4      | Reached skill level 1 in Invocations
  2695 | D:4      | Reached XP level 6. HP: 17/42 MP: 8/12
  2790 | D:4      | Noticed Sigmund
  2799 | D:4      | Found a staircase to the Ecumenical Temple.
  2807 | Temple   | Entered the Ecumenical Temple
  2817 | Temple   | HP: 2/42 [orc priest/divine providence (19)]
  2818 | Temple   | Slain by an orc priest

Vault maps used:
D:1:      lightli_arrival_maybe_door_vault, hangedman_decor_lopped
D:2:      chequers_ecumenical_altar_island, serial_forest,
          infiniplex_forest_3_way, infiniplex_forest_straight_5,
          infiniplex_forest_lined_3, infiniplex_forest_clump_medium,
          infiniplex_forest_zigzag_1, infiniplex_forest_clump_double,
          infiniplex_forest_lined_3_way, infiniplex_forest_straight_2,
          infiniplex_forest_end_2, infiniplex_forest_lined_ring, st_stairs_6,
          minivault_23, minmay_heptomino_h4, uniq_jessica
D:4:      cheibrodos_quashed, lemuel_round_altar,
          minmay_temple_entry_enclosed_plants, first_bread,
          kennysheep_generic_room_6, uniq_sigmund
Temple:   nicolae_temple_the_god_donut

Skill      XL: |  1  2  3  4  5  6 |
---------------+-------------------+-----
Stealth        | 3 |  3.0
Conjurations   | 2 |  2.0
Fighting       | 1 2 3 |  3.4
Poison Magic   | 5 |  5.0
Spellcasting   | 4 |  4.0
Slings         | 2 3 |  3.6
Dodging        | 4 5 |  5.2
Axes           | 1 2 |  2.6
Armour         | 1 |  1.5
Invocations    | 1 |  1.9

Action                   |  1- 3 |  4- 6 || total
-------------------------+-------+-------++-------
Melee: Unarmed           |    38 |       ||    38
       Bite              |     3 |       ||     3
 Fire: Hunting sling     |     5 |   142 ||   147
 Cast: Sting             |    72 |    22 ||    94
Invok: Upheaval          |       |     2 ||     2
  Use: Scroll            |     8 |       ||     8
       Potion            |     4 |     1 ||     5
 Stab: Sleeping          |     2 |       ||     2
  Eat: Chunk             |     1 |     3 ||     4
       Royal jelly       |       |     1 ||     1
Armor: Robe              |    14 |     6 ||    20
Dodge: Dodged            |    41 |    54 ||    95
Block: Other             |       |    10 ||    10
